 Dungeon Crawl Stone Soup version 0.31-a0-185-g9dded2c639 (webtiles) character file.

Game seed: 3900853453261262120

22 qw the Shooter (level 2, 0/16 HPs)
             Began as a Deep Elf Hunter on June 22, 2023.
             Killed from afar by Sigmund (7 damage)
             ... with a magic dart
             ... on level 2 of the Dungeon.
             The game lasted 00:00:16 (367 turns).

qw the Shooter (Deep Elf Hunter)                     Turns: 367, Time: 00:00:17

Health: 0/16       AC:  3    Str:  8    XL:     2   Next: 68%
Magic:  4/4        EV: 12    Int: 13    God:
Gold:   50         SH:  0    Dex: 18    Spells: 1/1 levels left

rFire   + . .        Y - +0 shortbow
rCold   . . .        (shield currently unavailable)
rNeg    . . .        c - +0 leather armour
rPois   .            (no helmet)
rElec   .            (no cloak)
rCorr   .            (no gloves)
SInv    .            (no boots)
Will    .....        (no amulet)
Stlth   ++           f - ring of protection from fire
HPRegen 0.22/turn    (no ring)
MPRegen 0.09/turn

%: no passive effects
@: no status effects
A: no striking features
a: no special abilities


You were on level 2 of the Dungeon.
You visited 1 branch of the dungeon, and saw 2 of its levels.

You collected 50 gold pieces.


   Skills:
 - Level 1.5 Fighting
 + Level 6.4 Ranged Weapons
 - Level 2.4 Dodging
 - Level 1.2 Stealth


You had one spell level left.
You didn't know any spells.
Your spell library was empty.

Inventory:

Hand Weapons
 Y - a +0 shortbow (weapon)
Armour
 c - a +0 leather armour (worn)
Jewellery
 f - a ring of protection from fire (left hand)
Scrolls
 b - a scroll of butterflies
 j - a scroll of identify {unknown}
 k - a scroll of fear {unknown}
Potions
 h - a potion of magic {unknown}

Dungeon Overview and Level Annotations

Branches:
Dungeon (2/15)

Altars:

Annotations:
D:2 Sigmund


Message History

Enter note:
Enter note:
Enter note:
Enter note:
Enter note:
Enter note:
Enter note:
Enter note:
Enter note:
Enter note:
Enter note:
Enter note:
Enter note:
Enter note:
Enter note:
Enter note:
Enter note:
Enter note:
Enter note:
Enter note:
Enter note:
Enter note:
Enter note:
Enter note:
Enter note:
Enter note:
Enter note:
Enter note:
Enter note:
Enter note:
366 ||| READING scroll labelled SETO HAEDIZ.
As you read the scroll labelled SETO HAEDIZ, it dissolves into smoke.
It was a scroll of fog.
Sigmund drinks a potion.
Sigmund is healed!
367 ||| READING scroll labelled VIMYDDI MAIM.
As you read the scroll labelled VIMYDDI MAIM, it crumbles to dust.
It is a scroll of amnesia.
You feel forgetful for a moment. Sigmund gestures at you while chanting.
The magic dart hits you!
You die...

......,,,,,*,,,,,,,,,,,,,,,* *,
......,,,,,*,,,,,,,,....,,,* *,
......,,,,,*,,_,.,,,....,,,* *,
##....,...,*,,,,.,<.....,,,* *,
*...##....#####.,,.....,*******,
##,..##....#....#*......,,,,,,**,
.#...#.........¤##@.....,,,,,,**,
.#...#........¤¤¤¤......,,,,,,**,
.#...#.........¤@¤¤.....,,,,****,
......##.......¤¤¤¤.....,,,,****,
......##......¤¤.¤¤)....,,,,,,,*,
......#........#........,,****,,,
......#.................,,*******
......#.......##........,,,,,,,,,
#.....##......##........,,*******
...##.##......##........,,,,,,*
##.....'......#*.......,,****,***


You could see Sigmund.

Vanquished Creatures
  A worm (D:2)
  3 endoplasms (D:1)
  2 giant cockroaches (D:1)
  2 hobgoblins (D:1)
  A quokka (D:1)
  A ball python (D:1)
  3 bats (D:1)
  2 frilled lizards (D:1)
  2 goblins (D:1)
  A kobold (D:2)
  A rat (D:2)
19 creatures vanquished.

Notes
Turn   | Place    | Note
-------+----------+-------------------------------------------
     0 | D:1      | qw the Deep Elf Hunter began the quest for the Orb.
     0 | D:1      | Reached XP level 1. HP: 12/12 MP: 3/3
     0 | D:1      | 0 ||| qw: Version: 0.3-a-9-g12657ce
     0 | D:1      | 0 ||| qw: Game counter: 1783
     0 | D:1      | 0 ||| qw: Always use a shield: true
     0 | D:1      | 0 ||| qw: God list: Okawaru
     0 | D:1      | 0 ||| qw: Allow faded altars: false
     0 | D:1      | 0 ||| qw: Do Orc after D:15 true
     0 | D:1      | 0 ||| qw: Do second Lair branch before Depths: true
     0 | D:1      | 0 ||| qw: Lair rune preference: random
     0 | D:1      | 0 ||| qw: Plans: Normal
     0 | D:1      | 0 ||| PLANNING D:1-11
   101 | D:1      | Reached skill level 6 in Ranged Weapons
   101 | D:1      | Reached XP level 2. HP: 11/16 MP: 4/4
   292 | D:1      | You fall into a shaft and drop 1 floor!
   349 | D:2      | 349 ||| UPGRADING to ring of protection from fire.
   350 | D:2      | 350 ||| READING scroll labelled DALIZA AKLIT.
   351 | D:2      | 351 ||| READING scroll labelled DOMUUVIHAC.
   354 | D:2      | 354 ||| FLEEEEING.
   360 | D:2      | Noticed Sigmund
   366 | D:2      | 366 ||| READING scroll labelled SETO HAEDIZ.
   367 | D:2      | 367 ||| READING scroll labelled VIMYDDI MAIM.
   367 | D:2      | Killed from afar by Sigmund

Levels and vault maps discovered:
D:1:      co_arrival_square_in_a_square_in_a_square, layout_rooms,
          minmay_rat_gold_closets
D:2:      layout_basic, ebering_ecumenical_altar_mist, minmay_pentomino_t4,
          uniq_sigmund

Skill      XL: |  1 |
---------------+----+-----
Ranged Weapons | 6 |  6.4
Fighting       | |  1.5
Dodging        | |  2.4
Stealth        | |  1.2

Action                     || total
---------------------------++-------
   Fire: Shortbow          ||    69
    Use: Scroll            ||     4
 Armour: Leather armour    ||     8
  Dodge: Dodged            ||    16

Table legend:
 A = Non-vault XP
 B = Vault XP
 C = Vault XP percentage of total XP
 D = Non-vault monster count
 E = Vault monster count
 F = Vault count percentage of total count
                 A         B        C        D         E       F
            +---------+---------+-------+---------+---------+-------
      Total |      32 |       0 |   0.0 |      19 |       0 |   0.0
            +---------+---------+-------+---------+---------+-------
        D:1 |      25 |       0 |   0.0 |      16 |       0 |   0.0
        D:2 |       7 |       0 |   0.0 |       3 |       0 |   0.0
            +---------+---------+-------+---------+---------+-------
